 Dungeon Sprint DCSS version 0.30-a0-989-g0d87f670db (webtiles) character file.

Game seed: 8998567566197729674

6991 domi the Covert (level 11, 0/64 HPs)
             Began as a Vine Stalker Enchanter on Apr 3, 2023.
             Was a Follower of Uskayaw.
             Slain by a lorocyproca (23 damage)
             ... in the Dungeon (Sprint I: "Red Sonja").
             The game lasted 00:11:09 (968 turns).

domi the Covert (Vine Stalker Enchanter)             Turns: 968, Time: 00:11:09

Health: 0/64       AC:  8    Str: 10    XL:     11   Next: 8%
Magic:  0/27       EV: 11    Int: 19    God:    Uskayaw [*.....]
Gold:   1457       SH:  0    Dex: 16    Spells: 11/32 levels left

rFire   . . .      SeeInvis .    a - +1 dagger
rCold   . . .      Faith    .    (no shield)
rNeg    . . .      Spirit   +    k - +0 troll leather armour {regen}
rPois   .          Reflect  .    (no helmet)
rElec   .          Rampage  .    (no cloak)
rCorr   .          NoTele   +    l - +1 pair of gloves
Will    +....                    i - +0 pair of boots
Stlth   ++++++                   c - amulet of magic regeneration
HPRegen 1.90/turn                (no ring)
MPRegen 0.60/turn                (no ring)

@: no status effects
A: fangs 3, regeneration 1, magic shield, antimagic bite, no potion heal 2
a: Renounce Religion, Stomp


You were in the Dungeon.
You worshipped Uskayaw.
Uskayaw was noncommittal.
You visited 1 branch You collected 2077 gold pieces.
You spent 620 gold pieces at shops.

Inventory:

Hand Weapons
 a - a +1 dagger (weapon)
Missiles
 j - 2 curare-tipped darts {=f}
Armour
 e - the +0 pair of gloves "Ubbuuph" {Harm Regen+ rCorr}
   (You found it in the Dungeon)

   Regen:     It increases your rate of health regeneration.
   rCorr:     It protects you from acid and corrosion.
   Harm:      It increases damage dealt and taken.
 i - a +0 pair of boots (worn)
   (You found it in the Dungeon)
 k - a +0 troll leather armour (worn) {regen}
   (You found it in the Dungeon)
 l - a +1 pair of gloves (worn)
   (You bought it in a shop in the Dungeon)
 m - the +0 scale mail of the Vacuum {rC+}
   (You found it in the Dungeon)

   rC:        It protects you from cold.
Jewellery
 c - an amulet of magic regeneration (around neck)
   (You found it in the Dungeon)
Potions
 d - 4 potions of curing {@q1}
 f - 2 potions of magic
 g - a potion of berserk rage {!q!q}
Miscellaneous
 b - a phial of floods
   (You found it in the Dungeon)
 h - a box of beasts
   (You found it in the Dungeon)


   Skills:
 + Level 10.3 Fighting
 - Level 10.0 Short Blades
 + Level 5.6 Armour
 - Level 1.5 Dodging
 + Level 14.7 Stealth
 + Level 11.4 Spellcasting
 + Level 10.6 Hexes
 - Level 5.0 Ice Magic
 + Level 6.7 Invocations


You had 11 spell levels left.
You knew the following spells:

 Your Spells              Type           Power      Damage    Failure   Level
u - Anguish               Hex/Necr       15%        N/A       10%         4
x - Tukima's Dance        Hex            51%        N/A       1%          3
y - Enfeeble              Hex            25%        N/A       65%         7
z - Ensorcelled Hibernat  Hex/Ice        80%        N/A       1%          2
N - Passwall              Tmut/Erth      8%         N/A       13%         2
Z - Confusing Touch       Hex            51%        N/A       1%          3

Your spell library contained the following spells:

 Spells                   Type           Power      Damage    Failure   Level
 Dazzling Flash           Conj/Hex       62%        N/A       2%          3
 Beastly Appendage        Tmut           20%        N/A       9%          1
 Wereblood                Tmut           10%        N/A       13%         2
 Spider Form              Tmut/Pois      10%        N/A       26%         3
 Swiftness                Air            10%        N/A       26%         3


Dungeon Overview and Level Annotations

Branches:
Dungeon (1/1)

Altars:
Cheibriados
Dithmenos
Elyvilon
Fedhas
Gozag
Hepliaklqana
Kikubaaqudgha
Makhleb
Nemelex Xobeh
Okawaru
Qazlal
Ru
Sif Muna
Trog
Uskayaw
Vehumet
Wu Jian
Xom
Yredelemnul
Zin
The Shining One
Jiyva
Lugonu

Shops:
D [*[(**:!!=[**::[:


Innate Abilities, Weirdness & Mutations

You have razor-sharp teeth.
Your natural rate of healing is unusually fast.
When hurt, damage is shared between your health and your magic reserves.
Your bite disrupts and absorbs the magic of your enemies.
Potions cannot restore your health.


Message History

You feel less confused.
Really stalk into that cloud of noxious fumes?
Okay, then.
Really stalk into that cloud of noxious fumes?
Okay, then.
You are engulfed in noxious fumes.
You choke on the stench!
You are confused.
You can no longer pass through a line of other dancers.
You're too confused to move!
You are engulfed in noxious fumes.
The gargoyle hits you with a +0 morningstar.
You bump into the stone wall.
You are engulfed in noxious fumes.
You choke on the stench!
You are more confused.
The gargoyle closely misses you.
You hit the gargoyle but do no damage.
You bite the gargoyle, but do no damage.
You are engulfed in noxious fumes.
You choke on the stench!
You are more confused.
You hit the gargoyle but do no damage. You bite the gargoyle.
You drain its power.
You are engulfed in noxious fumes.
You choke on the stench!
You are more confused.
You are engulfed in noxious fumes.
You choke on the stench!
You are more confused.
The gargoyle hits you with a +0 morningstar!
You're too confused to move!
You bump into the stone wall.
Unknown command.
You bump into the stone wall.
Unknown command.
You bump into the stone wall.
Unknown command.
You bump into the stone wall.
The gargoyle hits itself with a +0 morningstar!!
The gargoyle is destroyed!
You have reached level 11!
You bump into the stone wall.
You feel less confused.
Really stalk into that cloud of noxious fumes?
You are engulfed in noxious fumes.
There is an open door here.
There is an open door here.
You now have 1376 gold pieces (gained 27).
You now have 1403 gold pieces (gained 27).
A lindwurm comes into view.
You see here 27 gold pieces.
You see here 27 gold pieces.
The helpless lindwurm fails to defend itself.
You skewer the lindwurm like a kebab!!!!
You kill the lindwurm!
You can now pass through a line of other dancers.
You see here a lindwurm corpse.
You now have 1430 gold pieces (gained 27).
You can no longer pass through a line of other dancers.
You now have 1457 gold pieces (gained 27).
There is an open door here.
Really stalk into a travel-excluded area?
There is an open door here.
Really stalk into that cloud of noxious fumes?
You are engulfed in noxious fumes.
Really stalk into that cloud of noxious fumes?
Okay, then.
Really stalk into that cloud of noxious fumes?
Okay, then.
Really stalk into that cloud of noxious fumes?
Okay, then.
Really stalk into that cloud of noxious fumes?
You are engulfed in noxious fumes.
You choke on the stench!
You are confused.
You are engulfed in noxious fumes.
You are engulfed in noxious fumes.
You choke on the stench!
You are more confused.
You are engulfed in noxious fumes.
You are engulfed in noxious fumes.
You choke on the stench!
You are more confused.
Okay, then.
You are engulfed in noxious fumes.
You choke on the stench!
You are more confused.
Unknown command.
You bump into the stone wall.
You're too confused to move!
You feel less confused.
You open the door.
You are engulfed in noxious fumes.
You see here a +0 morningstar.
You open the door.
A meliai comes into view. It is wielding a +0 war axe.
The meliai buzzes angrily.
You hear a chilling moan.
There is an open door here.
Okay, then.
You open the door. Something hits you!
You feel your power leaking away.
Deactivating autopickup; reactivate with Ctrl-A.
Something hits you!!
You feel your power leaking away.
There is an open door, spattered with blood here.
Something hits you!
You see here a +5 ring of evasion.
You closely miss something. You bite something. Something hits you!!
You die...

###################
#__#†.')..#[?#§§.†+
'..'..#)..##'#§####
#__####...'.§#§#@###
####).#####.§§§#{#$###
#§~~.§#..##'####..$#y#
'~~~..§..#°°○..#..$###
#§§~.§#..#...○○○○.$$$#
##)#####'###○°○#.....#
#.(..###.'.#.○○###++##
##§###)###.#°○##
.....'.∩##.#○○#


There were no monsters in sight!

Vanquished Creatures
  2 centaur warriors (D)
  Sonja (D)
  A deep troll (D)
  A lindwurm (D)
  An oklob plant (D)
  4 demonic crawlers (D)
  A gargoyle (D)
  2 kobold demonologists (D)
  A hornet (D)
  Sigmund (D)
  A slime creature (D)
  A yak (D)
  2 redbacks (D)
  2 floating eyes (D)
  An ogre (D)
  7 necrophages (D)
  8 jellies (D)
  Ijyb (D)
38 creatures vanquished.

Vanquished Creatures (others)
  2 ballistomycete spores (D)
2 creatures vanquished.

Grand Total: 40 creatures vanquished

Notes
Turn   | Place    | Note
-------+----------+-------------------------------------------
     0 | D        | domi the Vine Stalker Enchanter began the quest for the
                  | Orb.
     0 | D        | Reached XP level 1. HP: 9/9 MP: 4/4
     4 | D        | Noticed Ijyb
    14 | D        | Noticed an ogre
    16 | D        | Killed Ijyb
    17 | D        | Reached skill level 2 in Fighting
    17 | D        | Reached skill level 2 in Short Blades
    17 | D        | Reached skill level 4 in Stealth
    17 | D        | Reached skill level 3 in Spellcasting
    17 | D        | Reached XP level 2. HP: 10/15 MP: 2/7
    17 | D        | Reached XP level 3. HP: 13/18 MP: 2/8
    20 | D        | Killed an ogre
    21 | D        | Reached skill level 3 in Fighting
    21 | D        | Reached skill level 3 in Short Blades
    21 | D        | Reached skill level 6 in Stealth
    21 | D        | Reached skill level 4 in Spellcasting
    21 | D        | Reached skill level 5 in Hexes
    21 | D        | Gained mutation: Your natural rate of healing is unusually
                  | fast. [Vine Stalker growth]
    21 | D        | Reached XP level 4. HP: 18/24 MP: 7/11
    23 | D        | Noticed Sigmund
    26 | D        | Killed Sigmund
    27 | D        | Reached skill level 4 in Fighting
    27 | D        | Reached skill level 5 in Short Blades
    27 | D        | Reached skill level 8 in Stealth
    27 | D        | Reached skill level 6 in Spellcasting
    27 | D        | Reached skill level 6 in Hexes
    27 | D        | Reached XP level 5. HP: 27/30 MP: 8/14
    27 | D        | Reached XP level 6. HP: 31/35 MP: 9/16
    45 | D        | Found a burning altar of Makhleb.
    45 | D        | Found a viscous altar of Jiyva.
    45 | D        | Found a shimmering altar of Xom.
    45 | D        | Found a corrupted altar of Lugonu.
    45 | D        | Noticed a slime creature
    67 | D        | HP: 8/35 [slime creature (5)]
    71 | D        | Killed a slime creature
    72 | D        | Reached skill level 5 in Fighting
    72 | D        | Reached skill level 9 in Stealth
    72 | D        | Reached skill level 7 in Hexes
    75 | D        | Found an ornate altar of the Wu Jian Council.
    75 | D        | Found a shimmering blue altar of Sif Muna.
    77 | D        | Found a radiant altar of Vehumet.
    82 | D        | Reached XP level 7. HP: 22/39 MP: 5/18
    83 | D        | Found Muagreav's General Store.
    83 | D        | Found an ancient bone altar of Kikubaaqudgha.
    83 | D        | Found a hazy altar of Hepliaklqana.
    83 | D        | Found a stormy altar of Qazlal.
    83 | D        | Found a hide-covered altar of Uskayaw.
    83 | D        | Found a blossoming altar of Fedhas.
    83 | D        | Found a bloodstained altar of Trog.
    83 | D        | Found an iron altar of Okawaru.
    83 | D        | Found a basalt altar of Yredelemnul.
    83 | D        | Found a glowing golden altar of the Shining One.
    83 | D        | Found a snail-covered altar of Cheibriados.
    83 | D        | Found a sacrificial altar of Ru.
    83 | D        | Found a glowing silver altar of Zin.
    83 | D        | Found a shadowy altar of Dithmenos.
    83 | D        | Found a white marble altar of Elyvilon.
    83 | D        | Noticed a yak
    84 | D        | Found an opulent altar of Gozag.
    85 | D        | Killed a yak
    86 | D        | Reached skill level 6 in Fighting
    86 | D        | Reached skill level 6 in Short Blades
    86 | D        | Reached skill level 7 in Spellcasting
    87 | D        | Noticed Sonja
    91 | D        | Killed Sonja
    92 | D        | Reached skill level 7 in Fighting
    92 | D        | Reached skill level 7 in Short Blades
    92 | D        | Reached skill level 11 in Stealth
    92 | D        | Reached skill level 8 in Spellcasting
    92 | D        | Reached skill level 8 in Hexes
    92 | D        | Gained mutation: You have razor-sharp teeth. [Vine Stalker
                  | growth]
    92 | D        | Reached XP level 8. HP: 38/46 MP: 6/21
    94 | D        | Noticed a deep troll
    98 | D        | Killed a deep troll
    99 | D        | Reached skill level 8 in Fighting
    99 | D        | Reached skill level 8 in Short Blades
    99 | D        | Reached skill level 12 in Stealth
    99 | D        | Reached skill level 9 in Spellcasting
    99 | D        | Reached skill level 9 in Hexes
    99 | D        | Reached XP level 9. HP: 50/51 MP: 7/23
   107 | D        | Found a sparkling altar of Nemelex Xobeh.
   110 | D        | Became a worshipper of Uskayaw the Reveller
   213 | D        | Found Isaeclab's Antique Armour Boutique.
   221 | D        | Bought a pair of runed gloves for 142 gold pieces
   275 | D        | Found Civel's Armour Emporium.
   296 | D        | Learned a level 2 spell: Ensorcelled Hibernation
   300 | D        | Learned a level 3 spell: Confusing Touch
   304 | D        | Learned a level 3 spell: Tukima's Dance
   307 | D        | Learned a level 2 spell: Passwall
   309 | D        | Noticed a centaur warrior
   309 | D        | Noticed a centaur warrior
   318 | D        | Killed a centaur warrior
   318 | D        | Noticed a hornet
   318 | D        | Reached * piety under Uskayaw
   319 | D        | Reached skill level 1 in Armour
   319 | D        | Reached skill level 2 in Ice Magic
   319 | D        | Reached skill level 2 in Invocations
   321 | D        | Killed a hornet
   321 | D        | Reached ** piety under Uskayaw
   322 | D        | Reached skill level 2 in Armour
   336 | D        | Killed a centaur warrior
   337 | D        | Reached skill level 3 in Armour
   337 | D        | Reached skill level 10 in Spellcasting
   337 | D        | Reached skill level 10 in Hexes
   337 | D        | Reached skill level 3 in Ice Magic
   337 | D        | Reached skill level 3 in Invocations
   376 | D        | Noticed an oklob plant
   378 | D        | Killed an oklob plant
   379 | D        | Reached skill level 9 in Fighting
   379 | D        | Reached skill level 9 in Short Blades
   379 | D        | Reached skill level 13 in Stealth
   379 | D        | Reached skill level 4 in Ice Magic
   379 | D        | Reached skill level 4 in Invocations
   379 | D        | Reached XP level 10. HP: 58/58 MP: 25/25
   428 | D        | Noticed a kobold demonologist
   428 | D        | Noticed a kobold demonologist
   431 | D        | Noticed a sun demon
   432 | D        | Paralysed by a floating eye for 4 turns
   441 | D        | Killed a kobold demonologist
   441 | D        | Reached *** piety under Uskayaw
   444 | D        | Killed a kobold demonologist
   444 | D        | Reached **** piety under Uskayaw
   445 | D        | Reached skill level 4 in Armour
   449 | D        | Noticed a demonic crawler
   449 | D        | Noticed a demonic crawler
   449 | D        | Noticed a demonic crawler
   449 | D        | Noticed a demonic crawler
   453 | D        | HP: 7/58 [demonic crawler (10)]
   680 | D        | Reached skill level 5 in Ice Magic
   680 | D        | Reached skill level 5 in Invocations
   699 | D        | Reached ***** piety under Uskayaw
   716 | D        | Reached ****** piety under Uskayaw
   739 | D        | Identified the +0 pair of gloves "Ubbuuph" {Harm Regen+
                  | rCorr}
   749 | D        | Identified the +0 scale mail of the Vacuum {rC+}
   756 | D        | Found Pisosh's Antique Weapon Shoppe.
   756 | D        | Found Buihux's Armour Shop.
   756 | D        | Found Koept's Assorted Antiques.
   758 | D        | Found Mocics's Assorted Antiques.
   758 | D        | Found Uvim's Book Shop.
   758 | D        | Found Ibadeg's Distillery.
   758 | D        | Found Hietheg's Distillery.
   758 | D        | Found Vorent's Jewellery Emporium.
   758 | D        | Found Wuhoeluu's Armour Shop.
   758 | D        | Found Labal's General Store.
   762 | D        | Found Plog's General Store.
   764 | D        | Bought a potion of invisibility for 192 gold pieces
   765 | D        | Found Poqeklile's Book Emporium.
   765 | D        | Found Siprank's Book Boutique.
   766 | D        | Found Nauwk's Book Emporium.
   773 | D        | Bought a book of Maledictions for 286 gold pieces
   781 | D        | Learned a level 7 spell: Enfeeble
   786 | D        | Learned a level 4 spell: Anguish
   834 | D        | Killed a demonic crawler
   835 | D        | Reached skill level 14 in Stealth
   837 | D        | Killed a demonic crawler
   838 | D        | Reached skill level 5 in Armour
   838 | D        | Reached skill level 11 in Spellcasting
   838 | D        | Killed a demonic crawler
   839 | D        | Reached skill level 10 in Fighting
   839 | D        | Reached skill level 10 in Short Blades
   839 | D        | Reached skill level 6 in Invocations
   842 | D        | Killed a demonic crawler
   890 | D        | Noticed a gargoyle
   918 | D        | Killed a gargoyle
   919 | D        | Reached XP level 11. HP: 63/63 MP: 25/27
   930 | D        | Noticed a lindwurm
   932 | D        | Killed a lindwurm
   968 | D        | Slain by a lorocyproca

Illustrated notes

Levels and vault maps discovered:
D:        dungeon_sprint_1 [red_sonja_temple_1, red_sonja_temple_small_1]

Skill      XL: |  1  2  3  4  5  6  7  8  9 10 |
---------------+-------------------------------+-----
Fighting       | 2 3 4 5 7 8 9 10 | 10.3
Short Blades   | 2 3 5 7 8 9 10 | 10.0
Stealth        | 4 6 8 9 11 12 13 14 | 14.7
Spellcasting   | 3 4 6 8 9 10 11 | 11.4
Hexes          | 5 6 7 8 9 10 | 10.6
Armour         | 3 5 |  5.6
Ice Magic      | 4 5 |  5.0
Invocations    | 4 6 |  6.7
Dodging        | |  1.5

Action                     |  1- 3 |  4- 6 |  7- 9 | 10-12 || total
---------------------------+-------+-------+-------+-------++-------
  Melee: Dagger            |    13 |    27 |     7 |    79 ||   126
         Bite              |     4 |    10 |       |    35 ||    49
         Punch             |     1 |       |       |     1 ||     2
   Cast: Ensorcelled Hiber |       |       |     7 |     8 ||    15
         Confusing Touch   |       |       |       |     4 ||     4
    Use: Potion            |     2 |     1 |       |     1 ||     4
         Scroll            |       |       |       |     3 ||     3
   Stab: Invisible         |     3 |       |       |       ||     3
         Sleeping          |     1 |     2 |     7 |    13 ||    23
         Confused          |       |       |       |     4 ||     4
         Paralysed         |       |       |       |     3 ||     3
 Armour: Robe              |       |     1 |       |       ||     1
         Troll leather arm |       |       |     8 |    22 ||    30
  Dodge: Dodged            |     2 |     4 |     6 |    24 ||    36

Table legend: (Time is in decaauts)
 A = Elapsed time spent in this place.
 B = Non-inter-level travel time spent in this place.
 C = Inter-level travel time spent in this place.
 D = Time resting spent in this place.
 E = Time spent auto-exploring this place.
 F = Levels seen in this place.
 G = Mean time per level.
                   A        B        C        D        E       F      G
               +--------+--------+--------+--------+--------+-----+--------+
         Total |    907 |    890 |     17 |    198 |      0 |   1 |  907.0 |
       Dungeon |    907 |    890 |     17 |    198 |      0 |   1 |  907.0 |
               +--------+--------+--------+--------+--------+-----+--------+

Top non-repeatable levels by time:
       D: 907 daAuts

Table legend:
 A = Kills in this place as a percentage of kills in the entire game.
 B = Kills by you in this place as a percentage of kills by you in the entire game.
 C = Kills by friends in this place as a percentage of kills by friends in the entire game.
 D = Other kills in this place as a percentage of other kills in the entire game.
 E = Experience gained in this place as a percentage of experience gained in the entire game.
 F = Experience gained in this place divided by the number of levels of this place that you have seen.
                   A       B       C       D       E      F
               +-------+-------+-------+-------+-------+----------------------
         Total | 100.0 | 100.0 |   N/A | 100.0 | 100.0 | 9988.0
       Dungeon | 100.0 | 100.0 |   N/A | 100.0 | 100.0 | 9988.0
               +-------+-------+-------+-------+-------+----------------------
